Spitfire vs Thunder
Created - 27 février 2013 at 23:30
Goals
|
| Spitfire |
1 |
2 |
3 |
6 |
| Thunder |
1 |
1 |
0 |
2 |
|
Shots
|
| Spitfire |
5 |
14 |
18 |
37 |
| Thunder |
9 |
8 |
10 |
27 |
|
1st period
1. Thunder , Jerred Smithson 4 (Jason Chimera, Adam Hall) at 7:28
2. Spitfire , Shean Donovan 16 (Martin Samuelsson, David Krejci) at 7:32
Penalties :
Shean Donovan (Val) for Boarding (Minor) at 2:39
2nd period
3. Spitfire , Sergei Kostitsyn 15 (Kevin Klein) at 0:32
4. Spitfire , Shean Donovan 17 (David Krejci) at 2:14
5. Thunder , Scott Parse 8 (Ray Macias) at 10:30
Penalties :
Scott Parse (TRO) for Interference (Minor) at 16:14
3rd period
6. Spitfire , Marc-Antoine Pouliot 6 (Ryan Callahan) at 8:32
7. Spitfire , Martin Samuelsson 34 (David Krejci, Kevin Klein) at 10:49
8. Spitfire , Sergei Kostitsyn 16 (Kris Beech, Denis Shvidki) at 13:33
Penalties :
Andreas Engqvist (TRO) for Interference (Minor) at 0:46
Goalie Stats
Marc Denis (Val), 25 saves from 27 shots - (0,926), W, 22-8-2, 60:00 minutes
Adam Munro (TRO), 31 saves from 37 shots - (0,838), L, 15-7-0, 60:00 minutes
Players Stats for Spitfire
Player Name G A P +/- PIM S H SB GA TA FO MP PP MP PK MP
------------------------------------------------------------------------------------
Brad Staubitz 0 0 0 0 0 0 0 0 0 0 0/0 0:00 0:00 0:00
Danny Syvret 0 0 0 2 0 1 2 0 0 0 0/0 12:13 0:00 0:00
David Krejci 0 3 3 3 0 1 1 0 0 0 17/30 20:48 1:57 0:42
Denis Shvidki 0 1 1 1 0 3 1 1 0 0 1/1 17:10 1:53 0:36
Devin Didiomete 0 0 0 0 0 0 0 0 0 0 0/0 0:00 0:00 0:00
Erik Condra 0 0 0 0 0 0 0 0 1 0 0/0 8:54 0:00 0:00
Keaton Ellerby 0 0 0 2 0 2 1 1 0 0 0/0 12:13 0:00 0:00
Keith Yandle 0 0 0 1 0 1 0 1 0 0 0/0 21:14 2:16 0:57
Kevin Klein 0 2 2 1 0 1 0 0 1 0 0/0 26:33 1:42 1:02
Kris Beech 0 1 1 1 0 2 1 0 1 0 5/9 16:29 1:53 0:00
Marc-Antoine Pouliot 1 0 1 0 0 1 0 0 0 1 2/6 12:29 0:01 0:00
Martin Samuelsson 1 1 2 3 0 3 2 0 0 0 0/1 20:58 2:04 0:54
Mathieu Roy 0 0 0 1 0 2 6 1 0 1 0/0 21:14 2:16 0:57
Matt Walker 0 0 0 1 0 2 3 2 2 2 0/0 26:33 1:42 1:02
Paul Bissonnette 0 0 0 0 0 1 0 0 0 0 0/0 9:23 0:00 0:29
Ryan Callahan 0 1 1 0 0 3 0 0 1 0 0/0 13:00 0:00 0:36
Sergei Kostitsyn 2 0 2 1 0 4 2 0 1 0 0/2 16:29 1:53 0:00
Shawn Matthias 0 0 0 0 0 5 0 0 0 0 3/5 9:35 0:00 0:41
Shean Donovan 2 0 2 3 2 3 1 0 1 0 2/3 20:08 2:04 0:00
Tim Kennedy 0 0 0 0 0 2 1 0 0 0 0/0 12:37 0:09 0:00
Players Stats for Thunder
Player Name G A P +/- PIM S H SB GA TA FO MP PP MP PK MP
------------------------------------------------------------------------------------
Adam Hall 0 1 1 -1 0 6 2 1 0 0 2/2 22:38 0:58 1:52
Andreas Engqvist 0 0 0 -2 2 0 1 0 0 0 1/6 10:48 0:00 0:00
Brandon Mashinter 0 0 0 0 0 0 0 0 0 0 0/2 7:57 0:00 0:00
Casey Pierro-Zabotel 0 0 0 0 0 0 0 0 0 0 0/0 0:00 0:00 0:00
Colton Gillies 0 0 0 0 0 0 0 0 0 0 0/0 0:00 0:00 0:00
Daniel Winnik 0 0 0 0 0 2 0 0 0 0 0/0 9:16 0:00 1:19
Dany Roussin 0 0 0 -2 0 1 0 0 0 0 0/0 11:44 0:11 0:53
Derek Peltier 0 0 0 -1 0 0 0 1 0 1 0/0 19:42 0:48 1:51
Doug Janik 0 0 0 -1 0 4 0 0 1 1 0/0 28:40 1:11 2:07
Jason Chimera 0 1 1 -1 0 5 1 2 1 0 1/3 22:46 1:06 1:48
Jeff Finger 0 0 0 -1 0 0 0 1 0 1 0/0 23:35 1:11 2:07
Jerred Smithson 1 0 1 -1 0 1 1 1 0 1 17/34 21:18 0:58 0:32
Joey Ryan 0 0 0 -2 0 0 1 2 0 1 0/0 11:29 0:00 0:00
Jon Kalinski 0 0 0 0 0 0 0 0 0 0 0/0 0:00 0:00 0:00
Kevin Montgomery 0 0 0 0 0 0 0 0 0 0 0/0 5:14 0:00 0:00
Phil Kessel 0 0 0 -1 0 2 2 0 2 0 1/2 17:27 0:50 0:59
Pierre-Alexandre Parente 0 0 0 -2 0 0 1 1 0 0 1/1 10:54 0:14 0:00
Ray Macias 0 1 1 -1 0 0 0 1 0 1 0/0 19:42 0:48 1:51
Robin Leblanc 0 0 0 0 0 0 1 0 0 0 0/0 7:57 0:00 0:00
Scott Jackson 0 0 0 -2 0 1 0 1 0 2 0/0 11:38 0:00 0:00
Scott Parse 1 0 1 -1 2 5 2 3 0 0 0/0 17:00 0:50 0:33
Tom Pyatt 0 0 0 -1 0 0 1 1 0 0 4/7 16:15 0:50 0:00
3 Stars
1 - Sergei Kostitsyn (Val)
2 - Martin Samuelsson (Val)
3 - Shean Donovan (Val)
Power Play
Spitfire - 0 on 2 Attempt(s) - 0,00%
Thunder - 0 on 1 Attempt(s) - 0,00%
Penalty Kill
Spitfire - 1 on 1 Attempt(s) - 100,00%
- Score 0 goal in Penalty Kill
Thunder - 2 on 2 Attempt(s) - 100,00%
- Score 0 goal in Penalty Kill
Official
Referees : Lee Chris and Kimmerly Greg
Linesman : Tim Nowak and Jay Sharrers
Game Notes
No Game Note
Spitfire
5 vs 5 Forward
Center Left Wing Right Wing Time % Phy DF OF
1 David Krejci Martin Samuelsson Shean Donovan 40 1 2 2
2 Kris Beech Sergei Kostitsyn Denis Shvidki 30 1 2 2
3 Marc-Antoine Pouliot Tim Kennedy Ryan Callahan 20 1 2 2
4 Shawn Matthias Paul Bissonnette Erik Condra 10 1 2 2
5 vs 5 Defense
Defense Defense Time % Phy DF OF
1 Kevin Klein Matt Walker 40 1 2 2
2 Mathieu Roy Keith Yandle 30 1 2 2
3 Danny Syvret Keaton Ellerby 20 1 2 2
4 Kevin Klein Matt Walker 10 1 2 2
PowerPlay Forward
Center Left Wing Right Wing Time % Phy DF OF
1 David Krejci Martin Samuelsson Shean Donovan 60 1 2 2
2 Kris Beech Sergei Kostitsyn Denis Shvidki 40 1 2 2
PowerPlay Defense
Defense Defense Time % Phy DF OF
1 Kevin Klein Matt Walker 60 1 2 2
2 Mathieu Roy Keith Yandle 40 1 2 2
Penalty Kill 4 Players Forward
Center Wing Time % Phy DF OF
1 Shean Donovan Martin Samuelsson 60 1 2 2
2 Denis Shvidki Ryan Callahan 40 1 2 2
Penalty Kill 4 Players Defense
Defense Defense Time % Phy DF OF
1 Kevin Klein Matt Walker 60 1 2 2
2 Mathieu Roy Keith Yandle 40 1 2 2
Penalty Kill - 3 Players Forward
Forward Time % Phy DF OF
1 Shean Donovan 60 1 2 2
2 Martin Samuelsson 40 1 2 2
Penalty Kill - 3 Players Defense
Defense Defense Time % Phy DF OF
1 Kevin Klein Matt Walker 60 1 2 2
2 Mathieu Roy Keith Yandle 40 1 2 2
4 vs 4 Forward
Center Wing Time % Phy DF OF
1 Shean Donovan Martin Samuelsson 60 1 2 2
2 Denis Shvidki Ryan Callahan 40 1 2 2
4 vs 4 Defense
Defense Defense Time % Phy DF OF
1 Kevin Klein Matt Walker 60 1 2 2
2 Mathieu Roy Keith Yandle 40 1 2 2
Last Minutes Offensive
Center Left Wing Right Wing Defense Defense
David Krejci Martin Samuelsson Shean Donovan Kevin Klein Matt Walker
Last Minutes Defensive
Center Left Wing Right Wing Defense Defense
David Krejci Martin Samuelsson Shean Donovan Kevin Klein Matt Walker
Goaltenders
Starting : Marc Denis
Backup : Yann Danis
Extra Forwards
Normal : Tim Kennedy, Marc-Antoine Pouliot, Shawn Matthias - PP : Tim Kennedy, Marc-Antoine Pouliot - PK : Shawn Matthias
Extra Defensemen
Normal : Danny Syvret, Keaton Ellerby, Mathieu Roy - PP : Danny Syvret - PK : Keaton Ellerby, Mathieu Roy
Penalty Shots
Shean Donovan, Martin Samuelsson, Denis Shvidki, Ryan Callahan, David Krejci
Thunder
5 vs 5 Forward
Center Left Wing Right Wing Time % Phy DF OF
1 Jerred Smithson Jason Chimera Adam Hall 40 1 2 2
2 Tom Pyatt Scott Parse Phil Kessel 30 1 2 2
3 Andreas Engqvist Dany Roussin Pierre-Alexandre Parentea20 1 2 2
4 Brandon Mashinter Daniel Winnik Robin Leblanc 10 1 2 2
5 vs 5 Defense
Defense Defense Time % Phy DF OF
1 Doug Janik Jeff Finger 40 1 2 2
2 Derek Peltier Ray Macias 30 1 2 2
3 Scott Jackson Joey Ryan 20 1 2 2
4 Kevin Montgomery Doug Janik 10 1 2 2
PowerPlay Forward
Center Left Wing Right Wing Time % Phy DF OF
1 Jerred Smithson Jason Chimera Adam Hall 60 1 2 2
2 Tom Pyatt Scott Parse Phil Kessel 40 1 2 2
PowerPlay Defense
Defense Defense Time % Phy DF OF
1 Doug Janik Jeff Finger 60 1 2 2
2 Derek Peltier Ray Macias 40 1 2 2
Penalty Kill 4 Players Forward
Center Wing Time % Phy DF OF
1 Adam Hall Jason Chimera 60 1 2 2
2 Phil Kessel Scott Parse 40 1 2 2
Penalty Kill 4 Players Defense
Defense Defense Time % Phy DF OF
1 Doug Janik Jeff Finger 60 1 2 2
2 Derek Peltier Ray Macias 40 1 2 2
Penalty Kill - 3 Players Forward
Forward Time % Phy DF OF
1 Adam Hall 60 1 2 2
2 Jason Chimera 40 1 2 2
Penalty Kill - 3 Players Defense
Defense Defense Time % Phy DF OF
1 Doug Janik Jeff Finger 60 1 2 2
2 Derek Peltier Ray Macias 40 1 2 2
4 vs 4 Forward
Center Wing Time % Phy DF OF
1 Adam Hall Jason Chimera 60 1 2 2
2 Phil Kessel Scott Parse 40 1 2 2
4 vs 4 Defense
Defense Defense Time % Phy DF OF
1 Doug Janik Jeff Finger 60 1 2 2
2 Derek Peltier Ray Macias 40 1 2 2
Last Minutes Offensive
Center Left Wing Right Wing Defense Defense
Jerred Smithson Jason Chimera Adam Hall Doug Janik Jeff Finger
Last Minutes Defensive
Center Left Wing Right Wing Defense Defense
Jerred Smithson Jason Chimera Adam Hall Doug Janik Jeff Finger
Goaltenders
Starting : Adam Munro
Backup : Semyon Varlamov
Extra Forwards
Normal : Pierre-Alexandre Parenteau, Dany Roussin, Daniel Winnik - PP : Pierre-Alexandre Parenteau, Dany Roussin - PK : Daniel Winnik
Extra Defensemen
Normal : Scott Jackson, Joey Ryan, Kevin Montgomery - PP : Scott Jackson - PK : Joey Ryan, Kevin Montgomery
Penalty Shots
Adam Hall, Jason Chimera, Phil Kessel, Scott Parse, Pierre-Alexandre Parenteau
% Time on Ice - Spitfire
Lines # - Real PCT - Wanted PCT - Time Play
Normal Forward
1 - 34% - 40% - 18:09
2 - 27% - 30% - 14:41
3 - 23% - 20% - 12:19
4 - 16% - 10% - 8:54
Normal Defense
1 - 39% - 40% - 21:10
2 - 33% - 30% - 18:01
3 - 23% - 20% - 12:13
4 - 5% - 10% - 2:39
PP Forward
1 - 53% - 60% - 2:05
2 - 47% - 40% - 1:53
PP Defense
1 - 43% - 60% - 1:42
2 - 57% - 40% - 2:16
PK Forward
1 - 70% - 60% - 1:23
2 - 30% - 40% - 0:36
PK Defense
1 - 52% - 60% - 1:02
2 - 48% - 40% - 0:57
PK3 Forward
1 - 0% - 60%
2 - 0% - 40%
PK3 Defense
1 - 0% - 60%
2 - 0% - 40%
44 Forward
1 - 0% - 60%
2 - 0% - 40%
44 Defense
1 - 0% - 60%
2 - 0% - 40%
Last Minute Offensive - 0:00
Last Minute Defensive - 0:00
Total
Forward - 60:00
Defense - 60:00
|
% Time on Ice - Thunder
Lines # - Real PCT - Wanted PCT - Time Play
Normal Forward
1 - 37% - 40% - 19:52
2 - 29% - 30% - 15:38
3 - 20% - 20% - 10:36
4 - 15% - 10% - 7:57
Normal Defense
1 - 38% - 40% - 20:17
2 - 32% - 30% - 17:03
3 - 21% - 20% - 11:29
4 - 10% - 10% - 5:14
PP Forward
1 - 58% - 60% - 1:09
2 - 42% - 40% - 0:50
PP Defense
1 - 60% - 60% - 1:11
2 - 40% - 40% - 0:48
PK Forward
1 - 75% - 60% - 2:59
2 - 25% - 40% - 0:59
PK Defense
1 - 53% - 60% - 2:07
2 - 47% - 40% - 1:51
PK3 Forward
1 - 0% - 60%
2 - 0% - 40%
PK3 Defense
1 - 0% - 60%
2 - 0% - 40%
44 Forward
1 - 0% - 60%
2 - 0% - 40%
44 Defense
1 - 0% - 60%
2 - 0% - 40%
Last Minute Offensive - 0:00
Last Minute Defensive - 0:00
Total
Forward - 60:00
Defense - 60:00
|
Play by Play
1st period
0:01 of 1st period - Jerred Smithson wins face-off versus David Krejci in neutral zone.
1:56 of 1st period - Wrist shot by Dany Roussin.
1:56 of 1st period - Shot Misses the Net.
1:58 of 1st period - Snap shot by Dany Roussin.
1:58 of 1st period - Shot Blocked by Keaton Ellerby.
2:04 of 1st period - Snap shot by Dany Roussin.
2:04 of 1st period - Shot Misses the Net.
2:39 of 1st period - Minor Penalty to Shean Donovan for Boarding.
2:40 of 1st period - Shawn Matthias wins face-off versus Jerred Smithson in Spitfire zone.
4:34 of 1st period - Jason Chimera is hit by Mathieu Roy and loses puck.
4:39 of 1st period - Penalty to Shean Donovan is over, Shean Donovan is back on ice.
5:31 of 1st period - Robin Leblanc is hit by Martin Samuelsson.
6:26 of 1st period - Tom Pyatt is hit by Danny Syvret and loses puck.
6:33 of 1st period - Keaton Ellerby is hit by Scott Parse and loses puck.
6:40 of 1st period - Phil Kessel is hit by Danny Syvret and loses puck.
6:45 of 1st period - Snap shot by Shawn Matthias.
6:45 of 1st period - Deflect By Paul Bissonnette.
6:45 of 1st period - Shot Blocked by Scott Parse.
6:45 of 1st period - Puck is out of play.
6:46 of 1st period - David Krejci wins face-off versus Jerred Smithson in Thunder zone.
6:59 of 1st period - Snap shot by Martin Samuelsson.
6:59 of 1st period - Shot Misses the Net.
7:01 of 1st period - Slapshot by Shean Donovan.
7:01 of 1st period - Shot Blocked by Jason Chimera.
7:08 of 1st period - Icing by Jeff Finger.
7:09 of 1st period - Kris Beech wins face-off versus Jerred Smithson in Thunder zone.
7:18 of 1st period - Wrist shot by Jason Chimera.
7:18 of 1st period - Shot Blocked by Matt Walker.
7:26 of 1st period - Snap shot by Jason Chimera.
7:26 of 1st period - Shot Blocked by Denis Shvidki.
7:28 of 1st period - Wrist shot by Jerred Smithson.
7:28 of 1st period - Goal by Jerred Smithson - Spitfire : 0 - Thunder : 1.
7:29 of 1st period - David Krejci wins face-off versus Tom Pyatt in neutral zone.
7:32 of 1st period - Wrist shot by Shean Donovan.
7:32 of 1st period - Goal by Shean Donovan - Spitfire : 1 - Thunder : 1.
7:33 of 1st period - Jerred Smithson wins face-off versus David Krejci in neutral zone.
7:58 of 1st period - Matt Walker is hit by Scott Parse and loses puck.
8:24 of 1st period - Jeff Finger is hit by Mathieu Roy.
9:10 of 1st period - Snap shot by Jason Chimera.
9:10 of 1st period - Stopped by Marc Denis with a rebound.
9:28 of 1st period - Scott Parse is hit by Kris Beech and loses puck.
9:49 of 1st period - Wrist shot by Shawn Matthias.
9:49 of 1st period - Deflect By Erik Condra.
9:49 of 1st period - Shot Hit the Post.
9:49 of 1st period - Puck is out of play.
9:50 of 1st period - Jerred Smithson wins face-off versus Shawn Matthias in Thunder zone.
10:19 of 1st period - Snap shot by David Krejci.
10:19 of 1st period - Shot Misses the Net.
10:21 of 1st period - Slapshot by Mathieu Roy.
10:21 of 1st period - Stopped by Adam Munro without a rebound.
10:22 of 1st period - David Krejci wins face-off versus Jason Chimera in Thunder zone.
10:33 of 1st period - Snap shot by Jason Chimera.
10:33 of 1st period - Stopped by Marc Denis with a rebound.
10:35 of 1st period - Snap shot by Jerred Smithson.
10:35 of 1st period - Shot Misses the Net.
10:37 of 1st period - Slapshot by Ray Macias.
10:37 of 1st period - Deflect By Jason Chimera.
10:37 of 1st period - Stopped by Marc Denis with a rebound.
10:47 of 1st period - Phil Kessel is hit by Matt Walker and loses puck.
11:00 of 1st period - Snap shot by Kris Beech.
11:00 of 1st period - Stopped by Adam Munro without a rebound.
11:01 of 1st period - Jerred Smithson wins face-off versus Marc-Antoine Pouliot in Thunder zone.
11:08 of 1st period - Keith Yandle is hit by Adam Hall and loses puck.
11:17 of 1st period - Slapshot by Keith Yandle.
11:17 of 1st period - Stopped by Adam Munro with a rebound.
11:35 of 1st period - Jeff Finger is hit by Mathieu Roy and loses puck.
11:58 of 1st period - Snap shot by Pierre-Alexandre Parenteau.
11:58 of 1st period - Shot Misses the Net.
12:29 of 1st period - Danny Syvret is hit by Jerred Smithson and loses puck.
13:13 of 1st period - Slapshot by Pierre-Alexandre Parenteau.
13:13 of 1st period - Deflect By Dany Roussin.
13:13 of 1st period - Shot Misses the Net.
13:13 of 1st period - Puck is out of play.
13:14 of 1st period - Pierre-Alexandre Parenteau wins face-off versus Kris Beech in Spitfire zone.
13:41 of 1st period - Snap shot by Jason Chimera.
13:41 of 1st period - Shot Blocked by Matt Walker.
13:45 of 1st period - Slapshot by Adam Hall.
13:45 of 1st period - Shot Misses the Net.
13:47 of 1st period - Slapshot by Adam Hall.
13:47 of 1st period - Stopped by Marc Denis without a rebound.
13:48 of 1st period - Jerred Smithson wins face-off versus Shean Donovan in Spitfire zone.
13:53 of 1st period - Wrist shot by Adam Hall.
13:53 of 1st period - Shot Blocked by Keith Yandle.
14:15 of 1st period - Slapshot by Kris Beech.
14:15 of 1st period - Shot Misses the Net.
14:23 of 1st period - Wrist shot by Sergei Kostitsyn.
14:23 of 1st period - Shot Blocked by Ray Macias.
14:45 of 1st period - Snap shot by Tim Kennedy.
14:45 of 1st period - Stopped by Adam Munro without a rebound.
14:46 of 1st period - Jerred Smithson wins face-off versus David Krejci in Thunder zone.
16:01 of 1st period - Snap shot by Daniel Winnik.
16:01 of 1st period - Stopped by Marc Denis without a rebound.
16:02 of 1st period - David Krejci wins face-off versus Brandon Mashinter in Spitfire zone.
16:33 of 1st period - Snap shot by Adam Hall.
16:33 of 1st period - Deflect By Denis Shvidki.
16:33 of 1st period - Stopped by Marc Denis without a rebound.
16:34 of 1st period - Jerred Smithson wins face-off versus Kris Beech in Spitfire zone.
16:35 of 1st period - Slapshot by Adam Hall.
16:35 of 1st period - Shot Misses the Net.
16:41 of 1st period - Wrist shot by Kris Beech.
16:41 of 1st period - Shot Misses the Net.
16:43 of 1st period - Snap shot by Kris Beech.
16:43 of 1st period - Shot Blocked by Jason Chimera.
16:45 of 1st period - Snap shot by Kris Beech.
16:45 of 1st period - Shot Misses the Net.
16:47 of 1st period - Snap shot by Denis Shvidki.
16:47 of 1st period - Shot Misses the Net.
16:49 of 1st period - Snap shot by Sergei Kostitsyn.
16:49 of 1st period - Shot Misses the Net.
17:01 of 1st period - Phil Kessel is hit by Martin Samuelsson and loses puck.
17:48 of 1st period - Paul Bissonnette is hit by Robin Leblanc and loses puck.
18:27 of 1st period - Snap shot by Scott Parse.
18:27 of 1st period - Stopped by Marc Denis with a rebound.
18:29 of 1st period - Slapshot by Phil Kessel.
18:29 of 1st period - Stopped by Marc Denis without a rebound.
18:30 of 1st period - Jerred Smithson wins face-off versus Marc-Antoine Pouliot in Spitfire zone.
19:21 of 1st period - Slapshot by Dany Roussin.
19:21 of 1st period - Shot Misses the Net.
19:35 of 1st period - Scott Jackson is hit by Mathieu Roy and loses puck.
2nd period
0:01 of 2nd period - David Krejci wins face-off versus Jerred Smithson in neutral zone.
0:32 of 2nd period - Snap shot by Sergei Kostitsyn.
0:32 of 2nd period - Goal by Sergei Kostitsyn - Spitfire : 2 - Thunder : 1.
0:33 of 2nd period - David Krejci wins face-off versus Jerred Smithson in neutral zone.
0:58 of 2nd period - Kevin Klein is hit by Phil Kessel and loses puck.
1:37 of 2nd period - Slapshot by Mathieu Roy.
1:37 of 2nd period - Stopped by Adam Munro with a rebound.
2:04 of 2nd period - Slapshot by Adam Hall.
2:04 of 2nd period - Stopped by Marc Denis without a rebound.
2:05 of 2nd period - David Krejci wins face-off versus Jerred Smithson in Spitfire zone.
2:14 of 2nd period - Wrist shot by Shean Donovan.
2:14 of 2nd period - Goal by Shean Donovan - Spitfire : 3 - Thunder : 1.
2:15 of 2nd period - Jerred Smithson wins face-off versus David Krejci in neutral zone.
2:18 of 2nd period - Shean Donovan is hit by Adam Hall and loses puck.
2:38 of 2nd period - Icing by Jeff Finger.
2:39 of 2nd period - Tom Pyatt wins face-off versus Kris Beech in Thunder zone.
2:47 of 2nd period - Icing by Denis Shvidki.
2:48 of 2nd period - Denis Shvidki wins face-off versus Jason Chimera in Spitfire zone.
2:55 of 2nd period - Snap shot by Adam Hall.
2:55 of 2nd period - Stopped by Marc Denis without a rebound.
2:56 of 2nd period - David Krejci wins face-off versus Jerred Smithson in Spitfire zone.
3:32 of 2nd period - Slapshot by Jason Chimera.
3:32 of 2nd period - Shot Misses the Net.
3:50 of 2nd period - Backhand shot by Shawn Matthias.
3:50 of 2nd period - Shot Blocked by Adam Hall.
3:52 of 2nd period - Slapshot by Keaton Ellerby.
3:52 of 2nd period - Shot Misses the Net.
3:54 of 2nd period - Slapshot by Danny Syvret.
3:54 of 2nd period - Shot Blocked by Derek Peltier.
3:56 of 2nd period - Snap shot by Danny Syvret.
3:56 of 2nd period - Shot Misses the Net.
6:18 of 2nd period - Derek Peltier is hit by Denis Shvidki and loses puck.
6:23 of 2nd period - Slapshot by Denis Shvidki.
6:23 of 2nd period - Stopped by Adam Munro with a rebound.
6:50 of 2nd period - Scott Parse is hit by Keaton Ellerby and loses puck.
7:23 of 2nd period - Slapshot by Kevin Klein.
7:23 of 2nd period - Stopped by Adam Munro without a rebound.
7:24 of 2nd period - Shawn Matthias wins face-off versus Jerred Smithson in Thunder zone.
7:39 of 2nd period - Slapshot by Matt Walker.
7:39 of 2nd period - Shot Blocked by Jerred Smithson.
7:51 of 2nd period - Shean Donovan is hit by Tom Pyatt and loses puck.
8:39 of 2nd period - Snap shot by Adam Hall.
8:39 of 2nd period - Shot Misses the Net.
10:30 of 2nd period - Snap shot by Scott Parse.
10:30 of 2nd period - Goal by Scott Parse - Spitfire : 3 - Thunder : 2.
10:31 of 2nd period - David Krejci wins face-off versus Jerred Smithson in neutral zone.
10:56 of 2nd period - Mathieu Roy is hit by Pierre-Alexandre Parenteau and loses puck.
11:40 of 2nd period - Paul Bissonnette is hit by Joey Ryan and loses puck.
12:19 of 2nd period - Snap shot by Denis Shvidki.
12:19 of 2nd period - Shot Misses the Net.
12:49 of 2nd period - Dany Roussin is hit by Shean Donovan.
13:08 of 2nd period - Wrist shot by Kris Beech.
13:08 of 2nd period - Stopped by Adam Munro with a rebound.
13:20 of 2nd period - Jason Chimera is hit by David Krejci.
14:46 of 2nd period - Robin Leblanc is hit by Mathieu Roy and loses puck.
15:08 of 2nd period - Daniel Winnik is hit by Matt Walker and loses puck.
15:19 of 2nd period - Snap shot by Scott Parse.
15:19 of 2nd period - Shot Misses the Net.
15:21 of 2nd period - Slapshot by Doug Janik.
15:21 of 2nd period - Stopped by Marc Denis with a rebound.
15:23 of 2nd period - Slapshot by Doug Janik.
15:23 of 2nd period - Stopped by Marc Denis with a rebound.
15:25 of 2nd period - Wrist shot by Scott Parse.
15:25 of 2nd period - Deflect By Phil Kessel.
15:25 of 2nd period - Stopped by Marc Denis with a rebound.
15:27 of 2nd period - Slapshot by Doug Janik.
15:27 of 2nd period - Stopped by Marc Denis with a rebound.
15:29 of 2nd period - Snap shot by Scott Parse.
15:29 of 2nd period - Shot Misses the Net.
15:42 of 2nd period - Off-side.
15:43 of 2nd period - David Krejci wins face-off versus Jerred Smithson in neutral zone.
15:47 of 2nd period - Snap shot by Shean Donovan.
15:47 of 2nd period - Shot Hit the Post.
15:49 of 2nd period - Slapshot by David Krejci.
15:49 of 2nd period - Stopped by Adam Munro with a rebound.
15:51 of 2nd period - Slapshot by David Krejci.
15:51 of 2nd period - Shot Blocked by Joey Ryan.
15:59 of 2nd period - Wrist shot by Shean Donovan.
15:59 of 2nd period - Stopped by Adam Munro without a rebound.
16:00 of 2nd period - Tom Pyatt wins face-off versus Sergei Kostitsyn in Thunder zone.
16:14 of 2nd period - Minor Penalty to Scott Parse for Interference.
16:15 of 2nd period - Adam Hall wins face-off versus David Krejci in Thunder zone.
18:14 of 2nd period - Penalty to Scott Parse is over, Scott Parse is back on ice.
18:29 of 2nd period - Slapshot by Shawn Matthias.
18:29 of 2nd period - Stopped by Adam Munro with a rebound.
18:31 of 2nd period - Snap shot by Danny Syvret.
18:31 of 2nd period - Shot Blocked by Scott Jackson.
18:33 of 2nd period - Slapshot by Shawn Matthias.
18:33 of 2nd period - Stopped by Adam Munro without a rebound.
18:34 of 2nd period - Shawn Matthias wins face-off versus Andreas Engqvist in Thunder zone.
18:38 of 2nd period - Off-side.
18:39 of 2nd period - Marc-Antoine Pouliot wins face-off versus Andreas Engqvist in neutral zone.
18:44 of 2nd period - Slapshot by Ryan Callahan.
18:44 of 2nd period - Stopped by Adam Munro with a rebound.
18:46 of 2nd period - Snap shot by Matt Walker.
18:46 of 2nd period - Deflect By Joey Ryan.
18:46 of 2nd period - Stopped by Adam Munro with a rebound.
18:48 of 2nd period - Snap shot by Tim Kennedy.
18:48 of 2nd period - Stopped by Adam Munro with a rebound.
18:50 of 2nd period - Slapshot by Matt Walker.
18:50 of 2nd period - Shot Misses the Net.
18:52 of 2nd period - Slapshot by Ryan Callahan.
18:52 of 2nd period - Stopped by Adam Munro with a rebound.
19:06 of 2nd period - Wrist shot by Jason Chimera.
19:06 of 2nd period - Shot Misses the Net.
19:08 of 2nd period - Snap shot by Jason Chimera.
19:08 of 2nd period - Shot Misses the Net.
19:14 of 2nd period - Wrist shot by Adam Hall.
19:14 of 2nd period - Stopped by Marc Denis without a rebound.
19:15 of 2nd period - Kris Beech wins face-off versus Tom Pyatt in Spitfire zone.
19:20 of 2nd period - Jeff Finger is hit by Sergei Kostitsyn and loses puck.
3rd period
0:01 of 3rd period - Jerred Smithson wins face-off versus David Krejci in neutral zone.
0:06 of 3rd period - Martin Samuelsson is hit by Jason Chimera and loses puck.
0:44 of 3rd period - Kevin Klein is hit by Andreas Engqvist and loses puck.
0:46 of 3rd period - Minor Penalty to Andreas Engqvist for Interference.
0:47 of 3rd period - Adam Hall wins face-off versus David Krejci in Thunder zone.
0:47 of 3rd period - Adam Hall is hit by Mathieu Roy.
0:59 of 3rd period - Snap shot by Jason Chimera.
0:59 of 3rd period - Shot Blocked by Mathieu Roy.
2:40 of 3rd period - Icing by Mathieu Roy.
2:41 of 3rd period - Phil Kessel wins face-off versus Kris Beech in Spitfire zone.
2:46 of 3rd period - Penalty to Andreas Engqvist is over, Andreas Engqvist is back on ice.
2:58 of 3rd period - Snap shot by Ryan Callahan.
2:58 of 3rd period - Deflect By Marc-Antoine Pouliot.
2:58 of 3rd period - Shot Misses the Net.
2:58 of 3rd period - Puck is out of play.
2:59 of 3rd period - Jerred Smithson wins face-off versus Marc-Antoine Pouliot in Thunder zone.
3:10 of 3rd period - Snap shot by Jason Chimera.
3:10 of 3rd period - Stopped by Marc Denis without a rebound.
3:11 of 3rd period - Jerred Smithson wins face-off versus David Krejci in Spitfire zone.
3:14 of 3rd period - Snap shot by Adam Hall.
3:14 of 3rd period - Stopped by Marc Denis without a rebound.
3:15 of 3rd period - David Krejci wins face-off versus Jerred Smithson in Spitfire zone.
3:47 of 3rd period - Icing by Andreas Engqvist.
3:48 of 3rd period - Kris Beech wins face-off versus Andreas Engqvist in Thunder zone.
3:53 of 3rd period - Snap shot by Denis Shvidki.
3:53 of 3rd period - Shot Misses the Net.
4:35 of 3rd period - Wrist shot by Jason Chimera.
4:35 of 3rd period - Shot Misses the Net.
5:44 of 3rd period - Snap shot by Marc-Antoine Pouliot.
5:44 of 3rd period - Shot Misses the Net.
5:59 of 3rd period - Off-side.
6:00 of 3rd period - David Krejci wins face-off versus Andreas Engqvist in neutral zone.
6:07 of 3rd period - Snap shot by Martin Samuelsson.
6:07 of 3rd period - Stopped by Adam Munro with a rebound.
6:17 of 3rd period - Off-side.
6:18 of 3rd period - Jason Chimera wins face-off versus Sergei Kostitsyn in neutral zone.
6:44 of 3rd period - Mathieu Roy is hit by Phil Kessel and loses puck.
7:09 of 3rd period - Andreas Engqvist is hit by Tim Kennedy and loses puck.
7:16 of 3rd period - Wrist shot by Tim Kennedy.
7:16 of 3rd period - Shot Blocked by Pierre-Alexandre Parenteau.
7:36 of 3rd period - Wrist shot by Shawn Matthias.
7:36 of 3rd period - Stopped by Adam Munro with a rebound.
7:40 of 3rd period - Snap shot by Paul Bissonnette.
7:40 of 3rd period - Stopped by Adam Munro with a rebound.
8:32 of 3rd period - Snap shot by Marc-Antoine Pouliot.
8:32 of 3rd period - Goal by Marc-Antoine Pouliot - Spitfire : 4 - Thunder : 2.
8:33 of 3rd period - Jerred Smithson wins face-off versus David Krejci in neutral zone.
9:03 of 3rd period - Snap shot by Denis Shvidki.
9:03 of 3rd period - Stopped by Adam Munro without a rebound.
9:04 of 3rd period - Kris Beech wins face-off versus Phil Kessel in Thunder zone.
9:17 of 3rd period - Snap shot by Sergei Kostitsyn.
9:17 of 3rd period - Stopped by Adam Munro with a rebound.
9:19 of 3rd period - Snap shot by Mathieu Roy.
9:19 of 3rd period - Deflect By Sergei Kostitsyn.
9:19 of 3rd period - Shot Misses the Net.
9:19 of 3rd period - Puck is out of play.
9:20 of 3rd period - Jerred Smithson wins face-off versus David Krejci in Thunder zone.
9:27 of 3rd period - Slapshot by Doug Janik.
9:27 of 3rd period - Deflect By Kevin Klein.
9:27 of 3rd period - Stopped by Marc Denis with a rebound.
10:19 of 3rd period - Snap shot by Phil Kessel.
10:19 of 3rd period - Shot Misses the Net.
10:21 of 3rd period - Snap shot by Scott Parse.
10:21 of 3rd period - Stopped by Marc Denis with a rebound.
10:37 of 3rd period - Off-side.
10:38 of 3rd period - David Krejci wins face-off versus Andreas Engqvist in neutral zone.
10:47 of 3rd period - Slapshot by David Krejci.
10:47 of 3rd period - Shot Blocked by Joey Ryan.
10:49 of 3rd period - Snap shot by Martin Samuelsson.
10:49 of 3rd period - Goal by Martin Samuelsson - Spitfire : 5 - Thunder : 2.
10:50 of 3rd period - David Krejci wins face-off versus Jerred Smithson in neutral zone.
10:55 of 3rd period - Slapshot by Martin Samuelsson.
10:55 of 3rd period - Shot Misses the Net.
11:02 of 3rd period - Off-side.
11:03 of 3rd period - David Krejci wins face-off versus Jerred Smithson in neutral zone.
11:55 of 3rd period - Slapshot by Keith Yandle.
11:55 of 3rd period - Deflect By Sergei Kostitsyn.
11:55 of 3rd period - Stopped by Adam Munro without a rebound.
11:56 of 3rd period - Tom Pyatt wins face-off versus Martin Samuelsson in Thunder zone.
12:58 of 3rd period - Off-side.
12:59 of 3rd period - Andreas Engqvist wins face-off versus Shawn Matthias in neutral zone.
13:02 of 3rd period - Snap shot by Shawn Matthias.
13:02 of 3rd period - Stopped by Adam Munro without a rebound.
13:03 of 3rd period - Jerred Smithson wins face-off versus David Krejci in Thunder zone.
13:25 of 3rd period - Icing by Jason Chimera.
13:26 of 3rd period - Kris Beech wins face-off versus Jerred Smithson in Thunder zone.
13:33 of 3rd period - Snap shot by Kris Beech.
13:33 of 3rd period - Deflect By Sergei Kostitsyn.
13:33 of 3rd period - Goal by Sergei Kostitsyn - Spitfire : 6 - Thunder : 2.
13:34 of 3rd period - Jerred Smithson wins face-off versus David Krejci in neutral zone.
13:45 of 3rd period - Wrist shot by Adam Hall.
13:45 of 3rd period - Deflect By Kevin Klein.
13:45 of 3rd period - Shot Misses the Net.
13:45 of 3rd period - Puck is out of play.
13:46 of 3rd period - Jerred Smithson wins face-off versus David Krejci in Spitfire zone.
13:55 of 3rd period - Slapshot by Matt Walker.
13:55 of 3rd period - Shot Misses the Net.
13:57 of 3rd period - Snap shot by Martin Samuelsson.
13:57 of 3rd period - Deflect By David Krejci.
13:57 of 3rd period - Shot Misses the Net.
13:57 of 3rd period - Puck is out of play.
13:58 of 3rd period - Shean Donovan wins face-off versus Jerred Smithson in Thunder zone.
14:01 of 3rd period - Wrist shot by Martin Samuelsson.
14:01 of 3rd period - Shot Misses the Net.
14:03 of 3rd period - Wrist shot by Matt Walker.
14:03 of 3rd period - Deflect By Adam Hall.
14:03 of 3rd period - Stopped by Adam Munro without a rebound.
14:04 of 3rd period - David Krejci wins face-off versus Jerred Smithson in Thunder zone.
14:33 of 3rd period - Slapshot by Ryan Callahan.
14:33 of 3rd period - Stopped by Adam Munro with a rebound.
14:57 of 3rd period - Snap shot by Scott Parse.
14:57 of 3rd period - Stopped by Marc Denis with a rebound.
14:59 of 3rd period - Snap shot by Scott Parse.
14:59 of 3rd period - Stopped by Marc Denis with a rebound.
15:19 of 3rd period - Snap shot by Dany Roussin.
15:19 of 3rd period - Stopped by Marc Denis with a rebound.
15:21 of 3rd period - Snap shot by Andreas Engqvist.
15:21 of 3rd period - Shot Misses the Net.
16:28 of 3rd period - Snap shot by Jason Chimera.
16:28 of 3rd period - Stopped by Marc Denis with a rebound.
16:30 of 3rd period - Slapshot by Scott Jackson.
16:30 of 3rd period - Shot Misses the Net.
16:32 of 3rd period - Slapshot by Scott Jackson.
16:32 of 3rd period - Deflect By David Krejci.
16:32 of 3rd period - Stopped by Marc Denis with a rebound.
16:57 of 3rd period - Off-side.
16:58 of 3rd period - Tom Pyatt wins face-off versus Marc-Antoine Pouliot in neutral zone.
17:28 of 3rd period - Joey Ryan is hit by Matt Walker and loses puck.
17:49 of 3rd period - Slapshot by Shawn Matthias.
17:49 of 3rd period - Shot Misses the Net.
17:51 of 3rd period - Snap shot by Shawn Matthias.
17:51 of 3rd period - Stopped by Adam Munro with a rebound.
17:53 of 3rd period - Wrist shot by Keaton Ellerby.
17:53 of 3rd period - Stopped by Adam Munro with a rebound.
17:55 of 3rd period - Snap shot by Erik Condra.
17:55 of 3rd period - Deflect By Paul Bissonnette.
17:55 of 3rd period - Shot Misses the Net.
17:55 of 3rd period - Puck is out of play.
17:56 of 3rd period - Shean Donovan wins face-off versus Tom Pyatt in Thunder zone.
17:57 of 3rd period - Slapshot by Martin Samuelsson.
17:57 of 3rd period - Shot Blocked by Tom Pyatt.
17:59 of 3rd period - Wrist shot by Martin Samuelsson.
17:59 of 3rd period - Shot Blocked by Jeff Finger.
18:01 of 3rd period - Wrist shot by Martin Samuelsson.
18:01 of 3rd period - Shot Misses the Net.
18:03 of 3rd period - Slapshot by Danny Syvret.
18:03 of 3rd period - Shot Blocked by Scott Parse.
18:05 of 3rd period - Slapshot by Keaton Ellerby.
18:05 of 3rd period - Deflect By Martin Samuelsson.
18:05 of 3rd period - Stopped by Adam Munro with a rebound.
18:07 of 3rd period - Snap shot by Shean Donovan.
18:07 of 3rd period - Shot Blocked by Scott Parse.
18:09 of 3rd period - Slapshot by Keaton Ellerby.
18:09 of 3rd period - Stopped by Adam Munro with a rebound.
18:11 of 3rd period - Backhand shot by Danny Syvret.
18:11 of 3rd period - Stopped by Adam Munro with a rebound.
18:21 of 3rd period - Doug Janik is hit by Sergei Kostitsyn and loses puck.
18:30 of 3rd period - Wrist shot by Kris Beech.
18:30 of 3rd period - Shot Misses the Net.
18:48 of 3rd period - Slapshot by Doug Janik.
18:48 of 3rd period - Deflect By Robin Leblanc.
18:48 of 3rd period - Shot Misses the Net.
18:48 of 3rd period - Puck is out of play.
18:49 of 3rd period - David Krejci wins face-off versus Jerred Smithson in Spitfire zone.
19:28 of 3rd period - Snap shot by Denis Shvidki.
19:28 of 3rd period - Stopped by Adam Munro with a rebound.
19:44 of 3rd period - Slapshot by Daniel Winnik.
19:44 of 3rd period - Stopped by Marc Denis without a rebound.
19:45 of 3rd period - Marc-Antoine Pouliot wins face-off versus Brandon Mashinter in Spitfire zone.
Output by the SimonT Hockey Simulator (STHS) for François Prévost -- Original Page W3C XHTML 1.0 Valid